 Dungeon Crawl Stone Soup version 0.28.0 (webtiles) character file.

Game seed: 1751496646833953291

14 crazypyro the Skirmisher (level 2, -1/32 HPs)
             Began as an Ogre Monk on Feb 14, 2022.
             Slain by a gnoll (8 damage)
             ... on level 1 of the Dungeon.
             The game lasted 00:00:51 (1127 turns).

crazypyro the Skirmisher (Ogre Monk)                Turns: 1127, Time: 00:00:52

Health: -1/32      AC:  3    Str: 14    XL:     2   Next: 41%
Magic:  2/2        EV: 10    Int: 11    God:
Gold:   29         SH:  0    Dex: 11    Spells: 1/1 levels left

rFire   . . .      SeeInvis .   d - +2 spear (freeze)
rCold   . . .      Faith    .   (no shield)
rNeg    . . .      Spirit   .   b - +0 robe
rPois   .          Reflect  .   (helmet restricted)
rElec   .          Harm     .   (no cloak)
rCorr   .          Rampage  .   (gloves unavailable)
Will    .....                   (boots unavailable)
Stlth   ++........              (no amulet)
HPRegen 0.10/turn               (no ring)
MPRegen 0.08/turn               (no ring)

@: no status effects
A: large, unfitting armour, tough skin 1
a: no special abilities


You were on level 1 of the Dungeon.
You visited 1 branch of the dungeon, and saw 2 of its levels.

You collected 29 gold pieces.

Inventory:

Hand Weapons
 a - a +0 mace
 d - a +2 spear of freezing (weapon)
Armour
 b - a +0 robe (worn)
Scrolls
 c - a scroll of fear {unknown}
 e - a scroll of identify {unknown}
Potions
 f - a potion of might {unknown}
 g - a potion of heal wounds {unknown}


   Skills:
 - Level 4.1 Fighting
 * Level 3.2 Maces & Flails
 - Level 2.7 Dodging
 - Level 1.5 Stealth


You had one spell level left.
You didn't know any spells.
Your spell library was empty.

Dungeon Overview and Level Annotations

Branches:
Dungeon (2/15)

Altars:


Innate Abilities, Weirdness & Mutations

You are too large for most types of armour.
You have tough skin. (AC +1)


Message History

Found a purple potion and 10 gold pieces.
There is a stone staircase leading up here.
You now have 29 gold pieces (gained 10).
There is a stone staircase leading up here.
g - a purple potion
There is a stone staircase leading up here.
A gnoll comes into view.
It is wielding a +0 flail. 2 gnolls and a ball python come into view.
The gnoll shouts!
The ball python hisses angrily.
The gnoll shouts!
You hear a shout!
A gnoll comes into view. It is wielding a +0 flail.
The gnoll moves out of view.
You reach to attack!
You hit the ball python.
The ball python seems to slow down.
You freeze the ball python.
You kill the ball python!
Found a stone staircase leading up.
You closely miss the gnoll. The gnoll hits you with a +0 flail!
The gnoll shouts!
You hit the gnoll. You freeze the gnoll.
The gnoll is moderately wounded.
The gnoll hits you with a +0 flail. The gnoll hits you with a +0 flail!
You are too injured to fight recklessly!
There is a stone staircase leading up here.
You can't go down here!
The gnoll hits you with a +0 flail.
* * * LOW HITPOINT WARNING * * *
You climb upwards.
There is a stone staircase leading down here.
You are too injured to fight recklessly!
You are too injured to fight recklessly!
You hit the gnoll. You freeze the gnoll.
The gnoll is severely wounded.
The gnoll misses you.
You closely miss the gnoll.
The gnoll is severely wounded.
The gnoll barely misses you.
You hit the gnoll. You freeze the gnoll.
The gnoll is almost dead.
The gnoll hits you with a +0 flail!
You die...

###.........###.....########.#
..'.........'................#
###.........####....#.######.#
##.......## #..#.#.# #.####
##.....## #....#.# #..... ##
##...## #..###.# #.###. .#
##'## #..# #.# #.###. .### #.#
#.g###.# #..... ...# #.#
#@.....# #..### ...#
##.#########.##### #.....
..####............# ##.###
.#.≈......######### #####.###
...≈.....## #........
##.≈....## ##.####### ##≈###.#
##.....# #≈# #.# ##....8.####
#≈# #.# ##.......≈≈≈#


You could see a gnoll.

Vanquished Creatures
  A dart slug (D:1)
  An endoplasm (D:1)
  A hobgoblin (D:1)
  A kobold (D:1)
  4 ball pythons
  3 frilled lizards (D:1)
  2 rats (D:1)
13 creatures vanquished.

Notes
Turn   | Place    | Note
-------+----------+-------------------------------------------
     0 | D:1      | crazypyro the Ogre Monk began the quest for the Orb.
     0 | D:1      | Reached XP level 1. HP: 24/24 MP: 1/1
   453 | D:1      | Reached XP level 2. HP: 31/32 MP: 2/2
   505 | D:1      | Found a faded altar of an unknown god.
  1127 | D:1      | Slain by a gnoll

Illustrated notes

Levels and vault maps discovered:
D:1:      grunt_arrival_lava_bath, layout_loops_corners,
          chequers_ecumenical_altar_island, chequers_serial_rivers_micro_b
D:2:      cheibrodos_old_hovel, layout_basic

Skill      XL: |  1  2 |
---------------+-------+-----
Maces & Flails | 3 |  3.2
Fighting       | |  4.1
Dodging        | |  2.7
Stealth        | |  1.5

Action                   || total
-------------------------++-------
Melee: Mace              ||    31
       Spear             ||    13
Armor: Robe              ||     6
Dodge: Dodged            ||    21
